 Dungeon Crawl Stone Soup version 0.32-a0-329-ge6c31236d6 (webtiles) character file.

Game seed: 428159461778234216

325 zeratav the Trooper (level 6, -4/45 HPs)
             Began as an Octopode Shapeshifter on Feb 16, 2024.
             Slain by a phantom (5 damage)
             ... on level 4 of the Dungeon.
             The game lasted 00:04:08 (3136 turns).

zeratav the Trooper (Octopode Shapeshifter)         Turns: 3136, Time: 00:04:09

Health: -4/45      AC:  1    Str: 16    XL:     6   Next: 48%
Magic:  6/6        EV: 13    Int: 12    God:
Gold:   201        SH:  0    Dex: 11    Spells: 5/5 levels left

rFire   . .          .
                       - Unarmed
rCold   . . .        (no shield)
rNeg    . . .        (helmet currently unavailable)
rPois   .            (no amulet)
rElec   .            (no ring)
rCorr   .            (no ring)
SInv    .            (no ring)
Will    .....        (no ring)
Stlth   ++           (no ring)
HPRegen 0.27/turn    (no ring)
MPRegen 0.10/turn    (no ring)
                     (no ring)

%: no passive effects
@: beast-form
A: beast (slay +2), almost no armour, amphibious, 8 rings, camouflage 1,
gelatinous body 1, (nimble swimmer 1), tentacles
a: Begin Untransformation


You were on level 4 of the Dungeon.
You were a hulking beast.
You visited 1 branch of the dungeon, and saw 4 of its levels.

You collected 201 gold pieces.


Innate Abilities, Weirdness & Mutations

You are a hulking beast.
Your limbs bulge with bestial killing power. (Slay +2)
You cannot wear most types of armour.
You are amphibious.
You can wear up to eight rings at the same time.
Your skin changes colour to match your surroundings (Stealth+).
Your rubbery body absorbs attacks. (AC +1, EV +1)
((You are camouflaged when in or above water. (Stealth+)))
You have tentacles for arms and can constrict up to eight enemies at once.


   Skills:
 - Level 5.0 Fighting
 - Level 2.0 Dodging
 - Level 3.0 Unarmed Combat
 + Level 4.7 Shapeshifting


You had 5 spell levels left.
You didn't know any spells.
Your spell library contained the following spells:

 Spells                   Type           Power      Damage    Failure   Level
 Dazzling Flash           Conj/Hex       0%         N/A       69%         3
 Volatile Blastmotes      Fire/Tloc      0%         2d10      69%         3
 Starburst                Conj/Fire      0%         6d3       100%        6
 Maxwell's Capacitive Co  Air            0%         ∞         100%        8

Inventory:

Jewellery
 o - a ring of magical power
   (You found it on level 2 of the Dungeon)
Talismans
 b - a beast talisman (active)
 c - a flux talisman
Scrolls
 e - 4 scrolls of teleportation {unknown}
 g - a scroll of brand weapon {unknown}
 j - 3 scrolls of identify {unknown}
 n - a scroll of vulnerability {unknown}
 p - 2 scrolls of revelation {unknown}
 q - a scroll of fear {unknown}
 s - a scroll of torment {unknown}
Potions
 a - a potion of lignification {!q}
 d - 3 potions of enlightenment {unknown}
 f - a potion of brilliance {unknown}
 h - a potion of haste {unknown}
 i - a potion of curing {unknown}
 k - a potion of mutation {unknown}
 l - a potion of magic {unknown}
 m - a potion of cancellation {unknown}
 r - 2 potions of degeneration {unknown}

Dungeon Overview and Level Annotations

Branches:
Dungeon (4/15) Zot: 20872
 Temple: D:4-7

Altars:
Trog

Shops:
D:3

: #.....# #.....# ####
#######.lh..# #...
.....)......# #...
............# #...
............# #... #
......h.....# #...
........hg# ##...
#.......Wh# ###....
#...####'###.# #......
#...##.....# ##.##...
#...###########..##...
###.†.##........###...
###.....####..# ####
####..####..#
#....>...# #.###.#.##


You could see a phantom, an iguana, a hound, 2 jackals and a hobgoblin.


Message History

The phantom hits you!
HP[-7]
You take 7 damage, and now have 38/45 hp.
You closely miss the phantom. You squeeze the phantom!
The phantom closely misses you.
You tentacle-slap the phantom. The phantom hits you!
A hobgoblin opens the door.
A jackal comes into view.
HP[-7]
You take 7 damage, and now have 31/45 hp.
You completely miss the phantom.
The phantom hits you but does no damage.
You barely miss the phantom.
The jackal barks!
The phantom hits you.
The phantom blinks!
You blink.
A jackal and a hobgoblin come into view.
The jackal misses you.
HP[-1]
You take 1 damage, and now have 30/45 hp.
You miss the phantom.
The hobgoblin shouts!
Your squeeze misses the phantom.
You hear an angry hiss.
The jackal closely misses you. The phantom closely misses you.
You completely miss the phantom. The jackal barely misses you.
The phantom barely misses you.
You tentacle-slap the phantom. Your squeeze misses the phantom.
The jackal closely misses you. The jackal barely misses you.
The jackal misses you. The phantom misses you.
You barely miss the phantom. The jackal bites you.
The jackal barely misses you. The jackal closely misses you.
The hobgoblin barely misses you. The phantom barely misses you.
HP[-1]
You take 1 damage, and now have 29/45 hp.
You tentacle-slap the phantom. The jackal bites you. The jackal misses you.
HP[-1]
You take 1 damage, and now have 28/45 hp.
You tentacle-slap the phantom but do no damage.
The jackal closely misses you.
The jackal bites you but does no damage.
The hobgoblin hits you. The hobgoblin closely misses you. The phantom hits you.
The jackal misses you. The jackal bites you.
* * * LOW HITPOINT WARNING * * *
HP[-6]
You take 6 damage, and now have 22/45 hp.
You barely miss the phantom. Your squeeze misses the phantom.
The hobgoblin hits you.
* * * LOW HITPOINT WARNING * * *
The hobgoblin hits you.
* * * LOW HITPOINT WARNING * * *
The phantom hits you.
* * * LOW HITPOINT WARNING * * *
The jackal completely misses you. The jackal barely misses you.
HP[-10]
You take 10 damage, and now have 12/45 hp.
MASSIVE DAMAGE!! (PAUSE)
You barely miss the phantom. The hobgoblin completely misses you.
The hobgoblin barely misses you.
The jackal bites you but does no damage.
The phantom closely misses you. The jackal bites you.
* * * LOW HITPOINT WARNING * * *
Unknown command.
You closely miss the phantom. You squeeze the phantom.
The jackal barely misses you. The jackal bites you.
* * * LOW HITPOINT WARNING * * *
The hobgoblin barely misses you. The hobgoblin hits you.
* * * LOW HITPOINT WARNING * * *
The phantom hits you.
* * * LOW HITPOINT WARNING * * *
An iguana comes into view.
The jackal bites you.
* * * LOW HITPOINT WARNING * * *
The jackal misses you.
HP[-6]
You take 6 damage, and now have 6/45 hp.
You closely miss the hobgoblin.
The iguana hisses angrily.
You grab the hobgoblin. You constrict the hobgoblin. The hobgoblin misses you.
The hobgoblin closely misses you. The phantom closely misses you.
The jackal barely misses you. The jackal bites you.
* * * LOW HITPOINT WARNING * * *
A hound comes into view.
HP[-1]
You take 1 damage, and now have 5/45 hp.
The hound barks!
You tentacle-slap the hobgoblin. You constrict the hobgoblin.
You kill the hobgoblin!
The jackal barely misses you. The jackal bites you.
* * * LOW HITPOINT WARNING * * *
The hobgoblin closely misses you. The phantom closely misses you.
The jackal misses you.
HP[-1]
You take 1 damage, and now have 4/45 hp.
The jackal barely misses you.
The hobgoblin attacks as it pursues you!
The hobgoblin hits you.
* * * LOW HITPOINT WARNING * * *
The phantom hits you.
You die...

Skill      XL: |  1  2  3  4  5  6 |
---------------+-------------------+-----
Fighting       | 2 3 4 5 |  5.0
Shapeshifting  | 4 |  4.7
Dodging        | |  2.0
Unarmed Combat | |  3.0

Action                     |  1- 3 |  4- 6 || total
---------------------------+-------+-------++-------
  Melee: Unarmed           |    40 |   116 ||   156
         Tentacles         |    11 |    24 ||    35
         Punch             |     2 |     5 ||     7
         Constrict         |    13 |    29 ||    42
   Stab: Sleeping          |     6 |     9 ||    15
 Armour: Skin              |    17 |    60 ||    77
  Dodge: Dodged            |    13 |    86 ||    99

Levels and vault maps discovered:
D:1:      nzn_arrival_depleted_hourglass, layout_basic,
          hellmonk_ecumenical_altar_crossroads,
          nicolae_concentric_dashed_squares_mild
D:2:      layout_loops_ring, uniq_natasha
D:3:      layout_loops_corners, tgw_trog, serial_shops, nicolae_lakefront_shop,
          reono_crystal_passage, kennysheep_generic_room_6
D:4:      layout_basic, mainiacjoe_overflow_small_starburst

Notes
Turn   | Place    | Note
-------+----------+-------------------------------------------
     0 | D:1      | zeratav the Octopode Shapeshifter began the quest for the
                  | Orb.
     0 | D:1      | Reached XP level 1. HP: 13/13 MP: 1/1
     0 | D:1      | magus.rc [v1.9.6]
    31 | D:1      | Reached skill level 2 in Fighting
    31 | D:1      | Reached XP level 2. HP: 8/19 MP: 2/2
   167 | D:1      | Reached XP level 3. HP: 19/25 MP: 3/3
   227 | D:1      | Reached skill level 3 in Fighting
   501 | D:1      | Found a faded altar of an unknown god.
   978 | D:2      | Reached XP level 4. HP: 18/33 MP: 4/4
  1095 | D:2      | Reached skill level 4 in Fighting
  1300 | D:2      | You pick up a book of Spectacle and begin reading...
  1300 | D:2      | You add the spells Volatile Blastmotes, Dazzling Flash,
                  | Starburst and Maxwell's Capacitive Coupling to your
                  | library.
  1523 | D:2      | Noticed Natasha
  1527 | D:2      | HP: 8/34 [Natasha (9)]
  1529 | D:2      | Killed Natasha
  1530 | D:2      | Reached XP level 5. HP: 10/38 MP: 5/5
  1728 | D:2      | Noticed Natasha
  1733 | D:2      | Killed Natasha
  1734 | D:2      | Reached skill level 5 in Fighting
  1877 | D:2      | Noticed Natasha
  1934 | D:2      | Killed Natasha
  2151 | D:3      | Reached XP level 6. HP: 27/45 MP: 6/6
  2297 | D:3      | Reached skill level 4 in Shapeshifting
  2451 | D:3      | Found Ysudar's Book Boutique.
  2900 | D:3      | Noticed a moth of wrath
  2903 | D:3      | Found a bloodstained altar of Trog.
  3133 | D:4      | HP: 11/45 [jackal (1)]
  3134 | D:4      | HP: 5/45 [jackal (1)]
  3136 | D:4      | HP: 1/45 [hobgoblin (3)]
  3136 | D:4      | Slain by a phantom

Vanquished Creatures
  A bombardier beetle (D:4)
  Natasha (thrice) (D:2)
  A gnoll (D:1)
  7 adders
  A dart slug (D:2)
  3 ribbon worms (D:3)
  4 ball pythons
  5 bats
  7 endoplasms
  4 giant cockroaches
  7 goblins
  11 hobgoblins
  9 jackals
  5 kobolds
  A quokka (D:3)
  A frilled lizard (D:2)
  8 rats
78 creatures vanquished.

Table legend:
 A = Non-vault XP
 B = Vault XP
 C = Vault XP percentage of total XP
 D = Non-vault monster count
 E = Vault monster count
 F = Vault count percentage of total count
                 A         B        C        D         E       F
            +---------+---------+-------+---------+---------+-------
      Total |     410 |      55 |  11.8 |      70 |       8 |  10.3
            +---------+---------+-------+---------+---------+-------
        D:1 |      72 |       0 |   0.0 |      21 |       0 |   0.0
        D:2 |     163 |      37 |  18.5 |      21 |       1 |   4.5
        D:3 |     102 |      18 |  15.0 |      23 |       7 |  23.3
        D:4 |      73 |       0 |   0.0 |       5 |       0 |   0.0
            +---------+---------+-------+---------+---------+-------

Skill      XL: |  1  2  3  4  5  6 |
---------------+-------------------+-----
Fighting       | 2 3 4 5 |  5.0
Shapeshifting  | 4 |  4.7
Dodging        | |  2.0
Unarmed Combat | |  3.0

Action                     |  1- 3 |  4- 6 || total
---------------------------+-------+-------++-------
  Melee: Unarmed           |    40 |   116 ||   156
         Tentacles         |    11 |    24 ||    35
         Punch             |     2 |     5 ||     7
         Constrict         |    13 |    29 ||    42
   Stab: Sleeping          |     6 |     9 ||    15
 Armour: Skin              |    17 |    60 ||    77
  Dodge: Dodged            |    13 |    86 ||    99

Illustrated notes

Table legend:
 A = Kills in this place as a percentage of kills in the entire game.
 B = Kills by you in this place as a percentage of kills by you in the entire game.
 C = Kills by friends in this place as a percentage of kills by friends in the entire game.
 D = Other kills in this place as a percentage of other kills in the entire game.
 E = Experience gained in this place as a percentage of experience gained in the entire game.
 F = Experience gained in this place divided by the number of levels of this place that you have seen.
                   A       B       C       D       E      F
               +-------+-------+-------+-------+-------+----------------------
         Total | 100.0 | 100.0 |   N/A |   N/A | 100.0 | 116.2
       Dungeon | 100.0 | 100.0 |   N/A |   N/A | 100.0 | 116.2
               +-------+-------+-------+-------+-------+----------------------

Table legend: (Time is in decaauts)
 A = Elapsed time spent in this place.
 B = Non-inter-level travel time spent in this place.
 C = Inter-level travel time spent in this place.
 D = Time resting spent in this place.
 E = Time spent auto-exploring this place.
 F = Levels seen in this place.
 G = Mean time per level.
                   A        B        C        D        E       F      G
               +--------+--------+--------+--------+--------+-----+--------+
         Total |   3126 |   2875 |    251 |    237 |   2183 |   4 |  781.5 |
       Dungeon |   3126 |   2875 |    251 |    237 |   2183 |   4 |  781.5 |
               +--------+--------+--------+--------+--------+-----+--------+

Top non-repeatable levels by time:
     D:2: 1039 daAuts
     D:3: 1038 daAuts
     D:1: 895 daAuts
     D:4: 153 daAuts
